 Dungeon Crawl Stone Soup version 0.28.0-47-ge53b351184 (webtiles) character file.

Game seed: 15352260236356625270

184 Bruhh the Ogre Mage (level 5, 0/67 HPs)
             Began as an Ogre Earth Elementalist on Apr 28, 2022.
             Succumbed to a scorpion's poison
             ... on level 3 of the Dungeon.
             The game lasted 00:07:04 (2798 turns).

Bruhh the Ogre Mage (Ogre Earth Elementalist)       Turns: 2798, Time: 00:07:05

Health: 0/67       AC: 22    Str: 12    XL:     5   Next: 64%
Magic:  12/12      EV:  1    Int: 18    God:
Gold:   140        SH:  0    Dex:  9    Spells: 10/14 levels left

rFire   . . .      SeeInvis .   f - +0 club
rCold   . . .      Faith    .   (no shield)
rNeg    . . .      Spirit   .   (armour currently unavailable)
rPois   +          Reflect  .   (helmet currently unavailable)
rElec   .          Harm     .   (cloak currently unavailable)
rCorr   .          Rampage  .   (gloves unavailable)
Will    .....      NoTele   +   (boots unavailable)
Stlth   +.........              (no amulet)
HPRegen 0.21/turn               (no ring)
MPRegen 0.13/turn               (no ring)

@: lethally poisoned (0 -> -2), tree-form, on berserk cooldown, slowed, very
slow
A: stationary, stasis, torment immunity, boosted hp, large, unfitting armour,
(tough skin 1)
a: no special abilities


You were on level 3 of the Dungeon.
You were a tree.
You visited 1 branch of the dungeon, and saw 3 of its levels.

You collected 140 gold pieces.

Inventory:

Hand Weapons
 f - a +0 club (weapon)
 m - a +2 dagger of speed
Missiles
 c - 4 stones
 h - 5 poisoned darts
Armour
 b - a +0 robe (melded)
Scrolls
 a - a scroll of enchant armour {unknown}
 e - a scroll of immolation {unknown}
 g - a scroll of vulnerability {unknown}
 i - a scroll of enchant weapon {unknown}
 j - a scroll of identify {unknown}


   Skills:
 - Level 1.7 Dodging
 - Level 1.4 Stealth
 - Level 5.0 Spellcasting
 * Level 1.0 Conjurations
 - Level 0.8 Transmutations
 - Level 4.0 Earth Magic


You had 10 spell levels left.
You knew the following spells:

 Your Spells              Type           Power      Damage    Failure   Level
a - Sandblast             Erth           36%        2d10      2%          1
b - Stone Arrow           Conj/Erth      26%        3d8       14%         3

Your spell library contained the following spells:

 Spells                   Type           Power      Damage    Failure   Level
 Passwall                 Tmut/Erth      10%        N/A       8%          2
 Petrify                  Tmut/Erth      13%        N/A       43%         4


Dungeon Overview and Level Annotations

Branches:
Dungeon (3/15)

Altars:

Annotations:
D:3 Terence


Innate Abilities, Weirdness & Mutations

You are a tree.
Your roots penetrate the ground, keeping you stationary.
You cannot be teleported.
You are immune to unholy pain and torment.
Your maximum health is greatly increased.
Your equipment is partially melded.
You are too large for most types of armour.
((You have tough skin. (AC +1)))


Message History

Aim: a scorpion (severely wounded, 79% to hit)
The blast of sand hits the scorpion.
The scorpion is almost dead.
You feel very sick. The scorpion barely misses you. The scorpion stings you!
* * * LOW HITPOINT WARNING * * *
Casting: Sandblast (safe; 3% risk of failure)
Confirm with . or Enter, or press ? or * to list all spells.
Aiming: Sandblast (safe; 3% risk of failure)
Press: ? - help, Shift-Dir - straight line, f/p - scorpion
Aim: a scorpion (almost dead, 79% to hit)
The blast of sand hits the scorpion.
You kill the scorpion!
* * * LOW HITPOINT WARNING * * *
You feel sick.
Training target 4.0 for Earth Magic reached!
Your Earth Magic skill increases to level 4!
You need to enable at least one skill for training.
Your Conjurations skill increases to level 1!
It was a potion of lignification.
You turn into a tree.
Your +0 robe melds into your body.
Your roots penetrate the ground.
* * * LOW HITPOINT WARNING * * *
You feel sick.
You cannot move.
It was a potion of berserk rage.
A red film seems to cover your vision as you go berserk!
You feel yourself moving faster!
You feel mighty!
* * * LOW HITPOINT WARNING * * *
You feel sick.
You feel a strong urge to attack something.
* * * LOW HITPOINT WARNING * * *
You feel sick.
You feel your anger nearly subside.
* * * LOW HITPOINT WARNING * * *
You feel sick.
You are no longer berserk.
You are exhausted.
You feel yourself slow down.
It was a potion of magic.
Magic courses through your body.
You die...

# #.......# #
#.......# #
#.......# #
.......## ##
....... +. .... ##
###†# #..♣#
#.##########
#.#........##+#
#.#.######.##.#
#.#.# #.##.#
#.#.######.##.#####
#†#.#.............#
#.#.#..##.......#.#
#......##..#...##.#


There were no monsters in sight!

Vanquished Creatures
  A scorpion (D:3)
  Natasha (D:3)
  5 adders (D:2)
  2 dart slugs
  9 ball pythons
  5 bats
  2 endoplasms
  2 giant cockroaches (D:1)
  4 goblins (D:1)
  3 hobgoblins
  3 jackals (D:2)
  6 quokkas
  3 frilled lizards
  5 kobolds
  3 rats (D:1)
54 creatures vanquished.

Notes
Turn   | Place    | Note
-------+----------+-------------------------------------------
     0 | D:1      | Bruhh the Ogre Earth Elementalist began the quest for the
                  | Orb.
     0 | D:1      | Reached XP level 1. HP: 16/16 MP: 3/3
    98 | D:1      | Reached skill level 3 in Spellcasting
   104 | D:1      | Reached XP level 2. HP: 24/24 MP: 0/6
   550 | D:1      | Reached XP level 3. HP: 31/31 MP: 6/8
   609 | D:1      | Reached skill level 4 in Spellcasting
   829 | D:2      | Found a faded altar of an unknown god.
  1105 | D:2      | Reached XP level 4. HP: 23/39 MP: 3/10
  1371 | D:2      | Reached skill level 5 in Spellcasting
  2115 | D:3      | Noticed Natasha
  2124 | D:3      | Killed Natasha
  2125 | D:3      | Reached XP level 5. HP: 39/45 MP: 6/12
  2175 | D:3      | Noticed Terence
  2766 | D:3      | Learned a level 3 spell: Stone Arrow
  2792 | D:3      | Reached skill level 1 in Conjurations
  2792 | D:3      | HP: 3/67 [poisoned by a scorpion]
  2798 | D:3      | Succumbed to a scorpion's poison

Illustrated notes

Levels and vault maps discovered:
D:1:      dpeg_arrival_rooms_a, layout_rooms
D:2:      layout_loops_ring, hellmonk_ecumenical_altar_lost_god
D:3:      minmay_general_purpose_star, layout_loops_corners,
          kennysheep_ying_yang, uniq_natasha, uniq_grinder, uniq_terence

Skill      XL: |  1  2  3  4  5 |
---------------+----------------+-----
Spellcasting   | 3 4 5 |  5.0
Earth Magic    | 3 4 |  4.0
Conjurations   | 1 |  1.0
Dodging        | |  1.7
Stealth        | |  1.4
Transmutations | |  0.8

Action                   |  1- 3 |  4- 6 || total
-------------------------+-------+-------++-------
Melee: Unarmed           |    17 |       ||    17
       Club              |    34 |    21 ||    55
 Cast: Sandblast         |    42 |    46 ||    88
  Use: Potion            |       |     3 ||     3
 Stab: Sleeping          |     1 |       ||     1
Armor: Robe              |    43 |    22 ||    65
Dodge: Dodged            |    67 |    39 ||   106
